 Dungeon Crawl Stone Soup version 0.30.1-3-gfc49f6343a (webtiles) character file.

Game seed: 8205205759867478849

290 anestheticheart the Insei (level 6, -4/45 HPs)
             Began as a Djinni Transmuter on July 22, 2023.
             Killed by divine providence
             ... invoked by an orc priest
              (14 damage)
             ... on level 4 of the Dungeon.
             The game lasted 00:13:43 (2749 turns).

anestheticheart the Insei (Djinni Transmuter)       Turns: 2749, Time: 00:13:44

Health: -4/45      AC:  2    Str: 12    XL:     6   Next: 58%
Gold:   149        EV: 13    Int: 14    God:
                   SH:  0    Dex: 16

rFire   + . .        o - +11 hand axe of the Hero {flame, rPois rF- rN+ Str+3}
rCold   x . .        (no shield)
rNeg    + . .        a - +0 robe
rPois   ∞            (no helmet)
rElec   .            (no cloak)
rCorr   .            (no gloves)
SInv    .            (boots unavailable)
Will    .....        (no amulet)
Stlth   +            (no ring)
HPRegen 0.27/turn    (no ring)
MPRegen 0.00/turn

%: infuse magic (-5 HP)
@: flying
A: sickness immunity, fire resistance 2, cold vulnerability 1, float, innate
caster, HP casting, extra vitality 1
a: no special abilities


You were on level 4 of the Dungeon.
You visited 1 branch of the dungeon, and saw 4 of its levels.

You collected 149 gold pieces.

Inventory:

Hand Weapons
 o - the +11 hand axe of the Hero (weapon) {flame, rPois rF- rN+ Str+3}
   (You found it on level 2 of the Dungeon)

   Str:       It affects your strength (+3).
   rF:        It makes you vulnerable to fire.
   rPois:     It protects you from poison.
   rN:        It protects you from negative energy.
Missiles
 e - 15 poisoned darts
 s - 4 curare-tipped darts
Armour
 a - a +0 robe (worn)
Magical Staves
 i - a staff of air
Wands
 q - a wand of iceblast (9)
Scrolls
 d - 3 scrolls of fear {unknown}
 f - 4 scrolls of identify {unknown}
 g - a scroll of acquirement {unknown}
 j - a scroll of amnesia {unknown}
 l - a scroll of silence {unknown}
 m - a scroll of teleportation {unknown}
 n - a scroll of butterflies {unknown}
 p - a scroll of poison {unknown}
Potions
 b - a potion of lignification
 c - a potion of curing {unknown}
 h - 3 potions of might {unknown}
 k - a potion of invisibility {unknown}
 r - a potion of berserk rage {unknown}


   Skills:
 + Level 2.7 Fighting
 + Level 3.6 Dodging
 + Level 4.0 Unarmed Combat
 * Level 3.3 Spellcasting


You knew the following spells:

 Your Spells              Type           Power      Damage    Failure   Level
a - Beastly Appendage     Tmut           22%        N/A       5%          1
b - Wereblood             Tmut           11%        N/A       9%          2
c - Spider Form           Tmut/Pois      11%        N/A       16%         3
d - Ice Form              Ice/Tmut       11%        N/A       47%         4
e - Necrotise             Necr           44%        1d6       5%          1
f - Passwall              Tmut/Erth      9%         N/A       9%          2
Your spell library was empty.

Dungeon Overview and Level Annotations

Branches:
Dungeon (4/15)
 Temple: D:4-7

Altars:


Innate Abilities, Weirdness & Mutations

You are immune to sickness and miasma.
You are immune to poison.
Your flesh is very heat resistant. (rF++)
You are vulnerable to cold. (rC-)
You float through the air rather than walking.
You learn spells naturally, not from books.
Your magical power is your life essence.
You have superior vitality. (+4 MHP)


Message History

You barely miss the orc.
The orc is heavily wounded.
The orc hits you with a +0 falchion of electrocution.
You are electrocuted!
You slash the orc! You burn the orc.
You kill the orc!
Your horns disappear.
You see here a +0 falchion of electrocution.
You start resting.
An orc wizard comes into view. It is wielding a +0 dagger.
Things that are here:
a +0 whip; a kobold corpse
Casting: Beastly Appendage (safe; 5% risk of failure)
Confirm with . or Enter, or press ? or * to list all spells.
You grow a pair of large bovine horns.
You closely miss the orc wizard.
An orc priest comes into view. It is wielding a +0 hand axe.
The orc wizard barely misses you.
The orc wizard hits you with a +0 dagger.
You slash the orc wizard! You burn the orc wizard.
Your headbutt misses the orc wizard.
The orc wizard is almost dead.
The orc priest mumbles some strange prayers to Beogh against you.
Beogh smites you!
The orc wizard hits you with a +0 dagger.
You closely miss the orc wizard.
The orc wizard is almost dead.
Your transformation is almost over.
The orc wizard points at you and mumbles some strange words.
The puff of flame hits you. You resist.
* * * LOW HITPOINT WARNING * * *
You hit the orc wizard. You burn the orc wizard.
You kill the orc wizard!
The orc priest mumbles some strange prayers to Beogh against you.
Pain shoots through your body!
* * * LOW HITPOINT WARNING * * *
Your horns disappear.
The orc priest calls down the wrath of Beogh upon you.
Beogh smites you!
You die...

#.# ####.#
#<##.# ########
#.##)# #......#
#.##o# #.####.#
#.##.# #.#
#.###.##.# #.#
#.....##.#
#@###########)#
#......o......#
###############


You could see an orc priest.

Vanquished Creatures
  Pargi (D:3)
  Ijyb (D:3)
  An orc wizard (D:4)
  Terence (D:3)
  5 adders
  A shadow imp (D:3)
  A dart slug (D:3)
  8 orcs
  2 endoplasms
  2 giant cockroaches
  8 goblins
  5 hobgoblins
  A quokka (D:2)
  5 ball pythons
  4 bats
  3 frilled lizards
  4 kobolds
  5 rats
58 creatures vanquished.

Notes
Turn   | Place    | Note
-------+----------+-------------------------------------------
     0 | D:1      | anestheticheart the Djinni Transmuter began the quest for
                  | the Orb.
     0 | D:1      | anestheticheart set off with the following spells
                  | memorised: Beastly Appendage, Wereblood, Spider Form, Ice
                  | Form.
     0 | D:1      | Reached XP level 1. HP: 17/17 MP: 0/0
   298 | D:1      | Reached XP level 2. HP: 15/22 MP: 0/0
   735 | D:1      | Reached XP level 3. HP: 24/27 MP: 0/0
   735 | D:1      | Learned a level 1 spell: Necrotise
   992 | D:2      | Identified the +11 hand axe of the Hero {flame, rPois rF-
                  | rN+ Str+3}
  1029 | D:2      | Reached XP level 4. HP: 33/33 MP: 0/0
  1906 | D:3      | Noticed Terence
  1920 | D:3      | Reached XP level 5. HP: 26/38 MP: 0/0
  1920 | D:3      | Learned a level 2 spell: Passwall
  1921 | D:3      | Killed Terence
  2123 | D:3      | Noticed Ijyb
  2380 | D:3      | Killed Ijyb
  2521 | D:3      | Noticed Pargi
  2532 | D:3      | Killed Pargi
  2533 | D:3      | Reached skill level 4 in Unarmed Combat
  2533 | D:3      | Reached XP level 6. HP: 42/45 MP: 0/0
  2749 | D:4      | Killed from afar by an orc priest

Illustrated notes

Levels and vault maps discovered:
D:1:      dpeg_arrival_subterranean_lakeside_camping, layout_basic,
          minmay_misc_feat_secret_circle, due_unseen_surprise
D:2:      layout_basic, nicolae_half_adder
D:3:      layout_basic, uniq_ijyb, uniq_terence, uniq_pargi
D:4:      layout_basic

Skill      XL: |  1  2  3  4  5 |
---------------+----------------+-----
Spellcasting   | 2 3 |  3.3
Fighting       | 2 |  2.7
Dodging        | 3 |  3.6
Unarmed Combat | 4 |  4.0

Action                     |  1- 3 |  4- 6 || total
---------------------------+-------+-------++-------
  Melee: Unarmed           |    80 |     7 ||    87
         Headbutt          |    14 |    10 ||    24
         Hand axe          |     9 |    56 ||    65
   Cast: Beastly Appendage |    19 |    15 ||    34
         Wereblood         |     2 |     1 ||     3
         Necrotise         |       |     2 ||     2
         Spider Form       |       |     1 ||     1
         Passwall          |       |     1 ||     1
   Stab: Sleeping          |       |     1 ||     1
 Armour: Robe              |     9 |     8 ||    17
         Skin              |       |     1 ||     1
  Dodge: Dodged            |    52 |    41 ||    93
